 Dungeon Crawl Stone Soup version 0.21.1-1-g345015f (webtiles) character file.

320 JeffiDaFish the Ducker (level 6, 0/28 HPs)
             Began as a Spriggan Venom Mage on Feb 5, 2018.
             Slain by Ijyb
             ... wielding a +0 dagger
              (5 damage)
             ... on level 3 of the Dungeon on Feb 6, 2018.
             The game lasted 00:13:49 (3286 turns).

JeffiDaFish the Ducker (Spriggan Venom Mage)        Turns: 3286, Time: 00:13:49

Health: 0/28       AC:  2    Str:  4    XL:     6   Next: 22%
Magic:  8/13       EV: 27    Int: 18    God:
Gold:   110        SH:  0    Dex: 22    Spells: 4/14 levels left

rFire    . . .     SeeInvis +   f - +0 short sword
rCold    . . .     Gourm    .   (shield restricted)
rNeg     . . .     Faith    .   a - +0 robe
rPois    .         Spirit   .   (helmet restricted)
rElec    .         Reflect  .   (no cloak)
rCorr    .         Harm     .   (gloves unavailable)
MR       +....                  (boots unavailable)
Stlth    ++++......             (no amulet)
HPRegen  0.09/turn              (no ring)
MPRegen  0.13/turn              (no ring)

@: agile, very quick
A: very small, unfitting armour, see invisible, herbivore, speed 3, slow
metabolism 2
a: no special abilities


You were on level 3 of the Dungeon.
You were very hungry.

You visited 1 branch of the dungeon, and saw 3 of its levels.

You collected 110 gold pieces.

Inventory:

Hand Weapons
 f - a +0 short sword (weapon)
Armour
 a - a +0 robe (worn)
Scrolls
 e - 4 scrolls of identify
Books
 b - a Young Poisoner's Handbook

   Spells                             Type                      Level
   a - Sting                          Conjuration/Poison           1
   b - Poisonous Vapours              Poison/Air                   2
   c - Mephitic Cloud                 Conjuration/Poison/Air       3
   d - Olgreb's Toxic Radiance        Poison                       4
   e - Venom Bolt                     Conjuration/Poison           5
Comestibles
 c - 7 rations


   Skills:
 * Level 5.4 Dodging
 + Level 4.3 Stealth
 * Level 4.5 Spellcasting
 + Level 1.6 Conjurations
 + Level 1.4 Air Magic
 + Level 4.0 Poison Magic


You had 4 spell levels left.
You knew the following spells:

 Your Spells              Type           Power        Failure   Level  Hunger
a - Sting                 Conj/Pois      ##..         4%          1    None
b - Poisonous Vapours     Pois/Air       ##....       7%          2    #......
c - Mephitic Cloud        Conj/Pois/Air  ##......     16%         3    ###....
d - Olgreb's Toxic Radia  Pois           ###.....     26%         4    ####...


Dungeon Overview and Level Annotations

Branches:
Dungeon (3/15)

Altars:
Hepliaklqana
Uskayaw

Annotations:
D:3 Ijyb


Innate Abilities, Weirdness & Mutations

You are very small and have problems with some larger weapons.
You are too small for most types of armour.
You have supernaturally acute eyesight. (SInv)
You are a herbivore.
You cover ground extremely quickly.
You need consume almost no food.


Message History

Ijyb is moderately wounded.
Ijyb misses you.
You hit Ijyb but do no damage.
Ijyb is moderately wounded.
Ijyb screams, "Get away!"
Ijyb closely misses you.
You hit Ijyb but do no damage.
Ijyb is moderately wounded.
Ijyb misses you.
You hit Ijyb but do no damage.
Ijyb is moderately wounded.
Ijyb hits you but does no damage.
You hit Ijyb but do no damage.
Ijyb is moderately wounded.
Ijyb hits you with a dagger.
* * * LOW HITPOINT WARNING * * *
You hit Ijyb but do no damage.
Ijyb is moderately wounded.
Ijyb hits you with a dagger.
You die...

## ##### ######.# #
#.... ##8.#.#.#.#.#
#.... #...........#
#.... #....@g.....#
#.... #.8.#.#.#.#..#
#.... #.#.#_#.# #....
#.################....
#.# #......#......
#.#######....#....##.#
#.......>....###......
##............##..###.#
#..............#.## #.#


You could see Ijyb.

Vanquished Creatures
  Sigmund (D:2)
  2 orc wizards (D:3)
  Robin (D:2)
  3 adders
  A worm (D:2)
  A dart slug (D:1)
  3 orcs
  A ball python (D:2)
  5 bats
  2 giant cockroaches
  19 goblins
  6 hobgoblins
  8 kobolds
  2 quokkas (D:2)
  5 frilled lizards
  4 rats
64 creatures vanquished.

Notes
Turn   | Place    | Note
-------+----------+-------------------------------------------
     0 | D:1      | JeffiDaFish the Spriggan Venom Mage began the quest for the Orb.
     0 | D:1      | Reached XP level 1. HP: 9/9 MP: 5/5
   175 | D:1      | Reached XP level 2. HP: 13/13 MP: 4/6
   179 | D:1      | Learned a level 2 spell: Poisonous Vapours
   879 | D:2      | Noticed Sigmund
   944 | D:2      | Reached XP level 3. HP: 16/16 MP: 1/8
  1430 | D:2      | Learned a level 3 spell: Mephitic Cloud
  1537 | D:2      | Found a hazy altar of Hepliaklqana.
  1562 | D:2      | Reached skill level 1 in Conjurations
  1579 | D:2      | Killed Sigmund
  1579 | D:2      | Reached skill level 4 in Dodging
  1579 | D:2      | Reached skill level 1 in Air Magic
  1579 | D:2      | Reached XP level 4. HP: 13/21 MP: 0/11
  1579 | D:2      | Reached XP level 5. HP: 14/24 MP: 0/12
  1762 | D:2      | Noticed Robin
  1794 | D:2      | Killed Robin
  1893 | D:2      | Reached skill level 5 in Dodging
  2077 | D:2      | Learned a level 4 spell: Olgreb's Toxic Radiance
  3008 | D:3      | Reached XP level 6. HP: 28/28 MP: 6/13
  3223 | D:3      | Noticed Ijyb
  3225 | D:3      | Found a hide-covered altar of Uskayaw.
  3286 | D:3      | Slain by Ijyb

Skill      XL: |  1  2  3  4  5 |
---------------+----------------+-----
Spellcasting   | 3 4 |  4.5
Conjurations   | 1 |  1.6
Dodging        | 4 5 |  5.4
Air Magic      | 1 |  1.4
Stealth        | 4 |  4.3
Poison Magic   | 4 |  4.0

Action                   |  1- 3 |  4- 6 || total
-------------------------+-------+-------++-------
Melee: Unarmed           |     3 |       ||     3
       Dagger            |    57 |    68 ||   125
       Short sword       |       |   105 ||   105
 Cast: Sting             |    17 |     5 ||    22
       Poisonous Vapours |    16 |    12 ||    28
       Mephitic Cloud    |     1 |     5 ||     6
       Olgreb's Toxic Ra |       |     2 ||     2
  Use: Scroll            |     6 |     2 ||     8
       Potion            |       |     4 ||     4
 Stab: Sleeping          |     2 |     6 ||     8
       Confused          |     4 |     2 ||     6
  Eat: Ration            |       |     1 ||     1
Armor: Robe              |    14 |    11 ||    25
Dodge: Dodged            |    64 |   130 ||   194
